 Dungeon Crawl Stone Soup version 0.24.1-8-ga250c9d538 (webtiles) character file.

Game seed: 15508200964947990444, levelgen mode: deterministic

1397 lepoulpe303 the Chopper (level 8, 0/73 HPs)
             Began as a Deep Dwarf Fighter on Apr 28, 2020.
             Was a Follower of Makhleb.
             Slain by an ogre
             ... wielding a +0 giant club
              (19 damage)
             ... on level 6 of the Dungeon.
             The game lasted 00:15:25 (4008 turns).

lepoulpe303 the Chopper (Deep Dwarf Fighter)        Turns: 4008, Time: 00:15:25

Health: 0/73       AC: 13    Str: 21    XL:     8   Next: 41%
Magic:  10/10      EV:  6    Int:  9    God:    Makhleb [*.....]
Gold:   260        SH: 10    Dex: 13    Spells: 7/7 levels left

rFire    . . .     SeeInvis .   a - +0 war axe
rCold    . . .     Gourm    .   c - +0 shield
rNeg     . . .     Faith    .   f - +0 chain mail
rPois    .         Spirit   .   v - +0 helmet
rElec    .         Reflect  .   (no cloak)
rCorr    .         Harm     .   (no gloves)
MR       +....                  j - +1 pair of boots
Stlth    ..........             (no amulet)
HPRegen  0.00/turn              (no ring)
MPRegen  0.12/turn              (no ring)

@: non-regenerating
A: damage resistance, heal wounds, sense surroundings 1, no regeneration
a: Heal Wounds, Renounce Religion


You were on level 6 of the Dungeon.
You worshipped Makhleb.
Makhleb was aware of your devotion.
You were not hungry.

You visited 1 branch of the dungeon, and saw 6 of its levels.

You collected 260 gold pieces.

Inventory:

Hand Weapons
 a - a +0 war axe (weapon)
 b - a +0 hunting sling
Missiles
 u - 9 sling bullets
 B - 4 javelins (quivered)
 Q - 19 bolts
Armour
 c - a +0 shield (worn)
 f - a +0 chain mail (worn)
 g - a +0 scale mail
 j - a +1 pair of boots (worn)
 v - a +0 helmet (worn)
Wands
 y - a wand of polymorph (3)
Scrolls
 h - 5 scrolls of remove curse {unknown}
 i - 4 scrolls of identify
 k - 2 scrolls of immolation {unknown}
 m - 2 scrolls of magic mapping {unknown}
 n - a scroll of fog {unknown}
 p - a scroll of amnesia {unknown}
 r - a scroll of noise {unknown}
 t - 6 scrolls of teleportation
 x - a scroll of enchant armour {unknown}
Potions
 d - a potion of cancellation {unknown}
 l - a potion of heal wounds
 o - a potion of lignification {unknown}
 q - 2 potions of curing
 s - a potion of mutation {unknown}
 w - a potion of brilliance {unknown}
 z - a potion of haste {unknown}
 A - a potion of berserk rage {unknown}
 C - a potion of ambrosia {unknown}
Comestibles
 e - 8 rations


   Skills:
 + Level 4.7 Fighting
 * Level 6.7 Axes
 + Level 5.6 Armour
 + Level 5.6 Shields
 * Level 5.5 Invocations


You had 7 spell levels left.
You didn't know any spells.
Your spell library contained the following spells:

 Spells                   Type           Power        Failure   Level  Hunger
 Corona                   Hex            #......      100%        1    ##.....
 Ensorcelled Hibernation  Hex/Ice        #.....       100%        2    ###....
 Confuse                  Hex            #.......     100%        3    ####...
 Dazzling Spray           Conj/Hex       #.....       100%        3    ####...
 Tukima's Dance           Hex            #.......     100%        3    ####...


Dungeon Overview and Level Annotations

Branches:
Dungeon (6/15)
 Temple: D:4-7

Altars:
Ashenzari
Cheibriados
Dithmenos
Hepliaklqana
Makhleb
Qazlal
The Shining One

Annotations:
D:5 dig


Innate Abilities, Weirdness & Mutations

You are resistant to damage.
You can heal yourself by infusing magical energy.
You passively map a small area around you.
You do not regenerate.


Message History

There is a stone staircase leading up here.
You are now empty-handed.
b - a +0 hunting sling (weapon)
You are too injured to fight recklessly!
Firing (i - inventory. (/) - cycle)
u - 11 sling bullets (quivered)
Aim: an ogre, wielding a +0 giant club You shoot a sling bullet.
The sling bullet hits the ogre but does no damage.
Firing (i - inventory. (/) - cycle)
u - 10 sling bullets (quivered)
Aim: an ogre, wielding a +0 giant club You shoot a sling bullet.
The sling bullet hits the ogre but does no damage.
a - a +0 war axe (weapon)
You hit the ogre. The ogre hits you with a +0 giant club!
* * * LOW HITPOINT WARNING * * *
You take 9 damage, and have 19/73 hp.
You slash the ogre! The ogre hits you with a +0 giant club.
You closely miss the ogre.
The ogre hits you with a +0 giant club!!
You die... * , * , * , * *, * * *, , * * , * , .#.#######.# ,...(.(O@..<# * #...######## . , , * * , ,, , , * * * * * * * *

You could see an ogre.

Levels and vault maps discovered:
D:1:      sevenhm_arrival_forest_fort_small_5, layout_basic
D:2:      layout_loops_ring, nicolae_overflow_crystal_walls,
          chequers_ecumenical_altar_lobes, uniq_terence, uniq_robin,
          uniq_sigmund
D:3:      layout_rooms, lemuel_crystal_altar, grunt_temple_overflow_open,
          minmay_misc_feat_plants, wander_ebering_terrifying_dragon_lair
D:4:      layout_basic, uniq_blork_the_orc, uniq_edmund
D:5:      cheibrodos_quashed, layout_basic, first_ration, minmay_between
D:6:      layout_loops_ring, fiery_altar_vehumet, serial_shops,
          nicolae_shop_trees, uniq_menkaure

Notes
Turn   | Place    | Note
-------+----------+-------------------------------------------
     0 | D:1      | lepoulpe303 the Deep Dwarf Fighter began the quest for the
                  | Orb.
     0 | D:1      | Reached XP level 1. HP: 20/20 MP: 1/1
   129 | D:1      | Identified a +0 club
   178 | D:1      | Reached XP level 2. HP: 24/27 MP: 2/2
   231 | D:1      | Identified a +0 club
   333 | D:1      | Identified a +0 club
   379 | D:1      | Identified a +0 club
   416 | D:1      | Reached skill level 3 in Axes
   416 | D:1      | Reached XP level 3. HP: 29/33 MP: 3/3
   476 | D:1      | Identified a +0 club
   585 | D:1      | Reached skill level 3 in Fighting
  1066 | D:1      | Identified a +0 chain mail (You found it on level 1 of the
                  | Dungeon)
  1104 | D:2      | Identified a +0 club
  1307 | D:2      | Identified a +1 pair of boots (You found it on level 2 of
                  | the Dungeon)
  1338 | D:2      | Found a faded altar of an unknown god.
  1420 | D:2      | Identified a +0 club
  1457 | D:2      | Reached XP level 4. HP: 24/42 MP: 4/4
  1531 | D:2      | Identified a +0 hand axe
  1531 | D:2      | Identified a cursed -2 scale mail
  1531 | D:2      | Noticed Terence
  1561 | D:2      | Killed Terence
  1590 | D:2      | Identified a +0 club
  1593 | D:2      | Identified a +0 dagger
  1594 | D:2      | Identified a +0 hunting sling
  1599 | D:2      | Identified a +4 dagger of speed
  1599 | D:2      | Identified a +0 animal skin
  1599 | D:2      | Identified a +0 helmet
  1599 | D:2      | Noticed Robin
  1600 | D:2      | Reached skill level 4 in Armour
  1602 | D:2      | Identified a +0 dagger
  1602 | D:2      | Identified a +0 hunting sling
  1608 | D:2      | Killed Robin
  1608 | D:2      | Reached skill level 4 in Shields
  1650 | D:2      | Identified a +0 war axe
  1652 | D:2      | Found a hazy altar of Hepliaklqana.
  1654 | D:2      | Identified a +0 scythe
  1654 | D:2      | Identified a +1 robe of positive energy
  1654 | D:2      | Noticed Sigmund
  1684 | D:2      | Killed Sigmund
  1684 | D:2      | Reached skill level 4 in Axes
  1684 | D:2      | Reached XP level 5. HP: 32/50 MP: 4/4
  1684 | D:2      | Reached XP level 6. HP: 36/57 MP: 5/5
  2066 | D:3      | Identified a +3 flail of crushing
  2268 | D:3      | Found a burning altar of Makhleb.
  2270 | D:3      | Found a shattered altar of Ashenzari.
  2270 | D:3      | Found a snail-covered altar of Cheibriados.
  2270 | D:3      | Found a shadowy altar of Dithmenos.
  2270 | D:3      | Found a glowing golden altar of the Shining One.
  2276 | D:3      | Became a worshipper of Makhleb the Destroyer
  2340 | D:3      | Found a stormy altar of Qazlal.
  2623 | D:4      | Identified a +0 shortbow
  2629 | D:4      | Reached skill level 5 in Axes
  2629 | D:4      | Reached skill level 1 in Invocations
  2643 | D:4      | Identified a +0 dagger
  2643 | D:4      | Identified a +0 robe
  2684 | D:4      | Identified a +0 dagger
  2684 | D:4      | Identified a +0 robe
  2689 | D:4      | Identified a +0 dagger
  2689 | D:4      | Identified a cursed -1 robe
  2689 | D:4      | Identified a +0 dagger
  2689 | D:4      | Identified a +0 ring mail
  2690 | D:4      | Identified a +0 short sword
  2701 | D:4      | HP: 12/57 [orc wizard/magic dart (3)]
  2705 | D:4      | Reached skill level 2 in Invocations
  2725 | D:4      | Reached skill level 4 in Fighting
  2725 | D:4      | Reached XP level 7. HP: 17/64 MP: 6/6
  2729 | D:4      | HP: 16/64 [orc priest/+0 dagger (1)]
  2891 | D:4      | Identified a +1 hand axe of chopping
  2933 | D:4      | Identified a +1 hand axe of flaming
  2954 | D:4      | Reached skill level 3 in Invocations
  2982 | D:4      | Identified a +0 dire flail of crushing
  2982 | D:4      | Identified a +0 leather armour
  2982 | D:4      | Noticed Edmund
  2997 | D:4      | Killed Edmund
  2997 | D:4      | Reached skill level 5 in Armour
  2997 | D:4      | Reached skill level 5 in Shields
  3091 | D:4      | Identified a +0 halberd
  3091 | D:4      | Identified a +0 robe
  3091 | D:4      | Noticed Blork the orc
  3102 | D:4      | HP: 11/64 [Blork the orc/+0 halberd (10)]
  3121 | D:4      | Identified 2 potions of heal wounds
  3126 | D:4      | Killed Blork the orc
  3411 | D:5      | Entered Level 5 of the Dungeon
  3480 | D:5      | Reached skill level 4 in Invocations
  3513 | D:5      | Reached * piety under Makhleb
  3524 | D:5      | Reached skill level 6 in Axes
  3591 | D:5      | Reached XP level 8. HP: 21/73 MP: 9/9
  3593 | D:5      | Identified 7 scrolls of teleportation
  3594 | D:5      | Identified 5 scrolls of identify
  3594 | D:5      | Identified 2 potions of curing
  3595 | D:5      | Identified a cursed +0 ring mail (You found it on level 5
                  | of the Dungeon)
  3674 | D:5      | HP: 18/73 [hound (2)]
  3692 | D:5      | Identified a +0 shortbow
  3702 | D:5      | HP: 17/73 [centaur (1)]
  3706 | D:5      | Reached skill level 5 in Invocations
  3723 | D:5      | HP: 14/73 [bullfrog zombie (3)]
  4000 | D:6      | Identified a +0 giant club
  4008 | D:6      | Slain by an ogre

Table legend:
 A = Turns spent in this place as a percentage of turns spent in the entire game.
 B = Non-inter-level travel turns spent in this place as a percentage of non-inter-level travel turns spent in the entire game.
 C = Inter-level travel turns spent in this place as a percentage of turns spent in this place.
 D = Turns resting spent in this place as a percentage of non-inter-level travel turns spent in this place.
 E = Turns spent auto-exploring this place as a percentage of non-inter-level travel turns spent in this place.
 F = Non-inter-level travel turns spent in this place divided by the number of levels of this place that you've seen.
                   A       B       C       D       E      F
               +-------+-------+-------+-------+-------+----------------------
         Total | 100.0 | 100.0 |   7.5 |   3.3 |  69.6 | 617.7
       Dungeon | 100.0 | 100.0 |   7.5 |   3.3 |  69.6 | 617.7
               +-------+-------+-------+-------+-------+----------------------

Table legend:
 A = Kills in this place as a percentage of kills in entire the game.
 B = Kills by you in this place as a percentage of kills by you in the entire game.
 C = Kills by friends in this place as a percentage of kills by friends in the entire game.
 D = Other kills in this place as a percentage of other kills in the entire game.
 E = Experience gained in this place as a percentage of experience gained in the entire game.
 F = Experience gained in this place divided by the number of levels of this place that you have seen.
                   A       B       C       D       E      F
               +-------+-------+-------+-------+-------+----------------------
         Total | 100.0 | 100.0 |   N/A |   N/A | 100.0 | 332.8
       Dungeon | 100.0 | 100.0 |   N/A |   N/A | 100.0 | 332.8
               +-------+-------+-------+-------+-------+----------------------

Skill      XL: |  1  2  3  4  5  6  7  8 |
---------------+-------------------------+-----
Axes           | 3 4 5 6 |  6.7
Fighting       | 3 4 |  4.7
Armour         | 4 5 |  5.6
Shields        | 4 5 |  5.6
Invocations    | 2 4 5 |  5.5

Action                   |  1- 3 |  4- 6 |  7- 9 || total
-------------------------+-------+-------+-------++-------
Melee: War axe           |   141 |   165 |   159 ||   465
 Fire: Hunting sling     |       |    22 |    46 ||    68
 Abil: Heal Wounds       |       |     2 |     3 ||     5
  Use: Potion            |       |     1 |     1 ||     2
       Scroll            |       |       |     3 ||     3
  Eat: Chunk             |     2 |     4 |     5 ||    11
Armor: Scale mail        |    45 |       |       ||    45
       Chain mail        |    41 |    93 |    99 ||   233
Dodge: Dodged            |    35 |    27 |    23 ||    85
Block: Shield            |    57 |    86 |    67 ||   210

Vanquished Creatures
  Sigmund (D:2)
  Edmund (D:4)
  An ice beast (D:5)
  A black bear (D:5)
  2 centaurs
  Blork the orc (D:4)
  A scorpion (D:5)
  2 crimson imps (D:5)
  A bullfrog zombie (D:5)
  A centaur zombie (D:5)
  2 hounds
  An orc priest (D:4)
  3 orc wizards (D:4)
  4 worker ants
  Terence (D:2)
  A hound skeleton (D:5)
  Robin (D:2)
  9 adders
  3 shadow imps (D:5)
  2 oozes
  An adder skeleton (D:4)
  2 worms
  4 dart slugs (D:1)
  5 leopard geckos
  4 orcs
  A ball python (D:3)
  3 giant cockroaches
  7 goblins
  9 hobgoblins
  9 jackals (D:2)
  4 quokkas
  4 bats
  4 frilled lizards
  A giant cockroach zombie (D:5)
  5 kobolds
  8 rats
110 creatures vanquished.

Vanquished Creatures (others)
  An adder (D:6)
1 creature vanquished.

Grand Total: 111 creatures vanquished
